 Dungeon Crawl Stone Soup version 0.18-a0-1267-gff090c1 (webtiles) character file.

1012 namelastname112 the Shooter (level 8, -1/68 HPs)
             Began as a Grey Draconian Hunter on Feb 7, 2016.
             Succumbed to Edmund's poison
             ... on level 5 of the Dungeon.
             The game lasted 00:05:47 (3316 turns).

namelastname112 the Shooter (Grey Draconian Hunter) Turns: 3316, Time: 00:05:47

Health: -1/68      AC: 11    Str: 16 (19) XL:     8   Next: 1%
Magic:  8/8        EV: 13    Int: 11 (13) God:
Gold:   168        SH:  0    Dex: 12 (13) Spells: 0 memorised, 7 levels left

rFire  . . .     SeeInvis .     e - +2 dagger (venom)
rCold  . . .     Gourm    .     (armour unavailable)
rNeg   . . .     Faith    .     (no shield)
rPois  .         Spirit   .     (helmet restricted)
rElec  .         Dismiss  .     (no cloak)
rCorr  +         Reflect  .     (no gloves)
SustAt .         Harm     .     (no boots)
MR     .....                    y - amulet of rage
Stlth  +.........               (no ring)
                                z - ring of resist corrosion

@: mighty, lethally poisoned (-1 -> -10), exhausted, slowed, very slow, not
resistant to hostile enchantments, very unstealthy
A: walk through water, unfitting armour, unbreathing, cold-blooded, AC +11
a: Evoke Berserk Rage


You were on level 5 of the Dungeon.
You were near starving.

You visited 1 branch of the dungeon, and saw 5 of its levels.

You collected 168 gold pieces.

Inventory:

Hand Weapons
 a - a +1 shortbow
 e - a +2 dagger of venom (weapon)
 x - a +0 quarterstaff
Missiles
 c - 62 arrows
Jewellery
 y - an amulet of rage (around neck)
 z - a ring of resist corrosion (left hand)
Wands
 v - a wand of lightning (2/15)
Scrolls
 f - a scroll of amnesia {unknown}
 i - 4 scrolls of remove curse {unknown}
 j - 3 scrolls of teleportation {unknown}
 k - a scroll of enchant armour {unknown}
 m - 6 scrolls of identify {unknown}
 r - a scroll of magic mapping {unknown}
 u - 2 scrolls of noise {unknown}
 w - 2 scrolls of enchant weapon {unknown}
Potions
 b - a potion of mutation {unknown}
 g - a potion of cancellation {unknown}
 h - a potion of degeneration
 s - a potion of agility {unknown}
 t - a potion of heal wounds {unknown}
 B - a potion of flight {unknown}
Books
 q - a book of the Earth

   Spells                             Type                      Level
   a - Leda's Liquefaction            Hexes/Earth                  4
   b - Bolt of Magma                  Conjuration/Fire/Earth       5
   c - Statue Form                    Transmutation/Earth          6
   d - Iron Shot                      Conjuration/Earth            6
   e - Shatter                        Earth                        9
Comestibles
 d - 3 bread rations
 l - a slice of pizza
 o - a meat ration


   Skills:
 + Level 5.3 Fighting
 + Level 2.2 Staves
 * Level 6.8 Bows
 + Level 4.3 Dodging
 - Level 0.8 Stealth


You had 7 spell levels left.
You didn't know any spells.

Dungeon Overview and Level Annotations

Branches:
Dungeon (5/15)
 Temple: D:4-7

Altars:
Cheibriados


Innate Abilities, Weirdness & Mutations

You can walk through water.
Your dull iron-grey scales are very hard (AC +11).
Your body does not fit into most forms of armour.
You can survive without breathing.
You are cold-blooded and may be slowed by cold attacks.


Message History

You feel a strong urge to attack something.
* * * LOW HITPOINT WARNING * * *
You feel sick.
Things that are here:
a flail of venom; a leather armour
* * * LOW HITPOINT WARNING * * *
You feel sick.
You feel your anger subside.
You are no longer berserk.
You are exhausted.
You feel yourself slow down.
You are near starving!
* * * LOW HITPOINT WARNING * * *
You feel sick.
Things that are here:
a flail of venom; a leather armour Drink which item? (? for menu, Esc to quit)
It was a potion of degeneration.
There was something very wrong with that liquid.
You feel weakened.
You feel dopey.
You feel clumsy.
You die...

#....#....#.......# .
#....##################..
#####....................
#.............$......
#....................
#....................
#............(.(.(>.(
#########+#####......
#.@.# .....c #...# ......
##### ...... .... .


There were no monsters in sight!

Vanquished Creatures
  Sigmund (D:4)
  Edmund (D:5)
  Menkaure (D:5)
  2 phantoms (D:4)
  An ice beast (D:5)
  A centaur (D:5)
  An orc priest (D:3)
  Jessica (D:2)
  A worker ant (D:4)
  2 orc wizards (D:3)
  5 adders
  3 worms
  2 giant geckos
  4 orcs (D:3)
  2 ball pythons (D:2)
  4 giant cockroaches
  12 goblins
  5 hobgoblins
  9 jackals
  12 kobolds
  2 quokkas
  11 bats
  4 giant newts
  5 rats
92 creatures vanquished.

Notes
Turn   | Place    | Note
--------------------------------------------------------------
     0 | D:1      | namelastname112 the Draconian Hunter began the quest for the Orb.
     0 | D:1      | Reached XP level 1. HP: 17/17 MP: 1/1
    59 | D:1      | Reached XP level 2. HP: 4/25 MP: 2/2
   633 | D:1      | Reached skill level 4 in Bows
   736 | D:1      | Reached XP level 3. HP: 21/30 MP: 3/3
   926 | D:2      | Noticed Jessica
   935 | D:2      | Killed Jessica
  1108 | D:2      | Reached XP level 4. HP: 37/37 MP: 4/4
  1528 | D:3      | You fall through a shaft!
  1536 | D:4      | Noticed a phantom
  1607 | D:4      | Killed a phantom
  1607 | D:4      | Reached skill level 5 in Bows
  1607 | D:4      | Reached XP level 5. HP: 15/45 MP: 5/5
  1945 | D:4      | Noticed Sigmund
  1957 | D:4      | Killed Sigmund
  1957 | D:4      | Reached XP level 6. HP: 35/52 MP: 6/6
  2508 | D:3      | Found a snail-covered altar of Cheibriados.
  2535 | D:3      | Reached skill level 6 in Bows
  2538 | D:3      | Reached XP level 7. HP: 54/60 MP: 7/7
  2538 | D:3      | Your scales start taking on a dull iron-grey colour.
  2538 | D:3      | Gained mutation: You can survive without breathing. [Grey Draconian growth]
  3074 | D:5      | Entered Level 5 of the Dungeon
  3088 | D:5      | Reached skill level 1 in Staves
  3142 | D:5      | Noticed Menkaure
  3198 | D:5      | Killed Menkaure
  3198 | D:5      | Reached skill level 5 in Fighting
  3270 | D:5      | Noticed Edmund
  3310 | D:5      | Killed Edmund
  3310 | D:5      | Reached XP level 8. HP: 5/68 MP: 8/8
  3311 | D:5      | HP: 3/68 [poisoned by Edmund]
  3314 | D:5      | HP: 1/102 [poisoned by Edmund]
  3316 | D:5      | Succumbed to Edmund's poison

Vault maps used:
D:1:      dpeg_arrival_tiny_j, serial_bayou_pond_e
D:2:      uniq_jessica
D:3:      overflow_temple_1_default
D:4:      first_bread, uniq_sigmund
D:5:      minmay_temple_entry_butterflies, serial_shops, shop,
          grunt_gozag_statues, uniq_menkaure, uniq_edmund

Action                   |  1- 3 |  4- 6 |  7- 9 || total
-------------------------+-------+-------+-------++-------
Melee: Short sword       |    62 |       |       ||    62
       Dagger            |    52 |   114 |    63 ||   229
 Fire: Shortbow          |       |    67 |    20 ||    87
  Use: Potion            |       |       |     5 ||     5
 Stab: Sleeping          |     1 |     3 |     1 ||     5
  Eat: Chunk             |     1 |     4 |     2 ||     7
